 Dungeon Crawl Stone Soup version 0.19-a0-1834-g6b7851e (webtiles) character file.

41960 Alarkh the Carver (level 13, -5/90 HPs)
             Began as a Mummy Fire Elementalist on Oct 9, 2016.
             Was the Champion of Okawaru.
             Killed from afar by an ogre mage (7 damage)
             ... with a bolt of fire
             ... on level 2 of the Orcish Mines.
             The game lasted 00:52:42 (23871 turns).

Alarkh the Carver (Mummy Fire Elementalist)        Turns: 23871, Time: 00:52:43

Health: -5/90      AC: 14    Str: 12    XL:     13   Next: 82%
Magic:  2/25       EV: 14    Int: 19    God:    Okawaru [******]
Gold:   716        SH:  2    Dex: 12    Spells: 6 memorised, 10 levels left

rFire  + . .     SeeInvis .     b - +2 demon blade (drain)
rCold  + + .     Gourm    .     R - +2 robe {rC+ rF+}
rNeg   + + +     Faith    .     S - -3 buckler of Faurot {*Drain rF+ Stlth+}
rPois  ∞         Spirit   .     D - +0 helmet
rElec  .         Dismiss  .     M - +2 cloak
rCorr  .         Reflect  .     n - +1 pair of gloves
MR     ++...     Harm     .     C - +0 pair of boots
Stlth  +++.......               s - amulet of magic regeneration
                                I - ring of protection from magic
                                o - +3 ring of protection

@: very slightly contaminated, repel missiles
A: no food or potions, fire vulnerability, cold resistance 1, negative energy
resistance 3, torment resistance, unbreathing, in touch with death 1
a: Heroism, Finesse, Renounce Religion


You were on level 2 of the Orcish Mines.
You worshipped Okawaru.
Okawaru was exalted by your worship.
You were not hungry.

You visited 4 branches of the dungeon, and saw 20 of its levels.
You visited 1 bazaar.

You collected 1785 gold pieces.
You spent 1069 gold pieces at shops.

Inventory:

Hand Weapons
 a - a +0 scimitar
 b - a +2 demon blade of draining (weapon)
 W - the +3 trident "Xompan" {venom, +Blink MR++ Int-3 SInv}
   (You found it on level 2 of the Lair of Beasts)

   It poisons the flesh of those it strikes.
   It affects your intelligence (-3).
   It affects your resistance to hostile enchantments.
   It lets you see invisible.
   It lets you blink.
Missiles
 N - 3 throwing nets (quivered)
Armour
 n - a +1 pair of gloves (worn)
 C - a +0 pair of boots (worn)
 D - a +0 helmet (worn)
 M - a +2 cloak (worn)
 R - a +2 robe of resistance (worn)
 S - the -3 buckler of Faurot (worn) {*Drain rF+ Stlth+}
   (Okawaru gifted it to you on level 11 of the Dungeon)

   It protects you from fire.
   It causes draining when unequipped.
   It makes you more stealthy.
Jewellery
 c - an uncursed ring of flight
 o - a +3 ring of protection (left hand)
 s - an amulet of magic regeneration (around neck)
 u - an uncursed ring of protection from cold
 I - a ring of protection from magic (right hand)
Wands
 d - a wand of hasting (3/9)
 k - a wand of enslavement (16/24)
 x - a wand of polymorph (16/24)
 z - a wand of iceblast (3/15)
 J - a wand of disintegration (17/24)
 L - a wand of confusion (36/48)
 Q - a wand of random effects (26/48)
Scrolls
 f - a scroll of fog
 g - 6 scrolls of magic mapping
 h - 3 scrolls of blinking
 i - 5 scrolls of remove curse
 j - a scroll of fear
 l - 10 scrolls of recharging
 q - 5 scrolls of teleportation
 A - a scroll of enchant armour


   Skills:
 + Level 4.7 Fighting
 * Level 12.9 Long Blades
 + Level 3.4 Armour
 + Level 4.3 Dodging
 - Level 1.5 Stealth
 + Level 6.4 Shields
 - Level 8.2 Spellcasting
 - Level 7.2 Conjurations
 - Level 7.7 Fire Magic


You had 10 spell levels left.
You knew the following spells:

 Your Spells              Type           Power        Failure   Level  Hunger
a - Fireball              Conj/Fire      #####.....   12%         5    N/A
b - Flame Tongue          Conj/Fire      #####        1%          1    N/A
c - Mephitic Cloud        Conj/Pois/Air  ###.....     12%         3    N/A
d - Repel Missiles        Chrm/Air       #.....       14%         2    N/A
e - Sticky Flame          Conj/Fire      #####...     4%          4    N/A
r - Conjure Flame         Conj/Fire      #####...     1%          3    N/A

Dungeon Overview and Level Annotations

Branches:
Dungeon (11/15)            Temple (1/1) D:7            Lair (6/6) D:8
 Shoals (0/4) Lair:2       Spider (0/4) Lair:3        Slime (0/5) Lair:6
    Orc (2/2) D:11            Elf (0/3) Orc:2

Altars:
Ashenzari
Cheibriados
Dithmenos
Elyvilon
Fedhas
Gozag
Hepliaklqana
Kikubaaqudgha
Makhleb
Nemelex Xobeh
Okawaru
Qazlal
Ru
Sif Muna
Trog
Uskayaw
Vehumet
Xom
Yredelemnul
Zin
The Shining One
Jiyva


Innate Abilities, Weirdness & Mutations

You do not eat or drink.
Your flesh is vulnerable to fire.
You are immune to poison.
Your flesh is cold resistant. (rC+)
You are immune to negative energy. (rN+++)
You are immune to unholy pain and torment.
You can survive without breathing.
You are in touch with the powers of death.


Message History

Confirm with . or Enter, or press ? or * to list all spells.
Aiming: Fireball
Press: ? - help, Shift-Dir - straight line, f - ogre mage
Aim: an ogre mage, wielding a spear and wearing a robe The fireball explodes!
The fireball engulfs the ogre mage.
The ogre mage is moderately wounded.
Casting: Fireball
Confirm with . or Enter, or press ? or * to list all spells.
Aiming: Fireball
Press: ? - help, Shift-Dir - straight line, f/p - ogre mage
Aim: an ogre mage, wielding a spear and wearing a robe (moderately wounded)
You miscast Fireball.
You are very lightly contaminated with residual magic.
Wisps of smoke drift from your hands.
The ogre mage mumbles some strange words.
The ogre mage flickers and vanishes!
Deactivating autopickup; reactivate with Ctrl-A.
The ogre mage gestures at you while chanting.
The bolt of fire hits you! You resist.
You die...

###.#.........# #
###..........#.##
#########.....##........#
.#.##.##......#.#.......##
#......#.................#
##.......[[..........##.##
.....#..................##
##.....).................#
####.....))..)..@........##
##..............).........#
#........{.)[.)..........##
........(.).)O..).......##
#..#........)<...........#
.....................##..##
.)........................#
....§.......O............##
........#.....#...........#


You could see an ogre mage and an ogre (fleeing).

Vanquished Creatures
  A fire dragon (Lair:6)
  Josephine (Lair:5)
  2 hydras
  A death yak (Lair:5)
  A necromancer (Lair:6)
  The ghost of eragonby the Thaumaturge, a novice DECj (D:9)
  2 hill giants
  An orc sorcerer (Orc:1)
  An ugly thing (D:11)
  A cyclops (D:11)
  2 centaur zombies
  Maurice (D:9)
  6 black mambas
  Joseph (D:9)
  2 torpor snails
  Psyche (D:11)
  8 spiny frogs
  A centaur skeleton (D:8)
  7 rime drakes
  5 komodo dragons
  2 trolls (Orc:1)
  A polar bear (Lair:6)
  6 two-headed ogres
  13 blink frogs
  6 dream sheep (Lair:6)
  The ghost of hurricos the Archer, an amateur HEHu of Yredelemnul (D:6)
  5 hippogriffs
  A redback (Lair:3)
  3 wraiths (Lair:5)
  5 wyverns
  A hill giant zombie (D:5)
  43 yaks
  6 basilisks
  Grum (D:8)
  A hungry ghost (D:11)
  3 steam dragons
  Edmund (D:4)
  2 mottled dragons (Lair:6)
  6 wargs
  A soldier ant (D:11)
  11 water moccasins
  7 porcupines
  8 orc warriors
  6 sky beasts
  2 black bears
  17 ogres
  5 ice beasts
  5 wolves
  5 centaurs
  3 phantoms
  17 crocodiles
  13 bullfrogs
  2 cyclops zombies
  2 scorpions (D:4)
  4 wights (D:11)
  2 howler monkeys
  4 crimson imps
  A quasit (D:11)
  A jelly (D:11)
  3 bullfrog zombies
  Crazy Yiuf (D:7)
  7 orc priests
  2 hounds
  4 bullfrog skeletons
  5 iguanas
  17 orc wizards
  9 worker ants
  4 yak simulacra (Lair:6)
  A statue (D:5)
  5 polar bear simulacra (Lair:6)
  A killer bee zombie (D:9)
  A human zombie (D:9)
  An ogre zombie (D:9)
  An ogre skeleton (D:8)
  A big kobold zombie (D:8)
  4 hound zombies
  A hound skeleton (D:4)
  A worker ant zombie (D:5)
  A howler monkey zombie (D:9)
  10 adders
  3 gnolls
  A steam dragon skeleton (D:7)
  2 shadow imps
  5 oozes
  3 adder zombies
  3 adder skeletons (D:8)
  A dart slug (D:1)
  4 leopard geckos
  63 orcs
  2 bat zombies (D:9)
  A giant cockroach (D:4)
  10 hobgoblins
  14 jackals
  3 quokkas (D:6)
  7 ball pythons
  10 bats
  3 frilled lizards
  A frilled lizard zombie (D:9)
  A giant cockroach zombie (D:5)
  4 goblins
  A hobgoblin zombie (D:7)
  2 jackal skeletons
  A jackal zombie (D:7)
  10 kobolds
  2 kobold skeletons
  A leopard gecko skeleton (D:5)
  A leopard gecko zombie (D:5)
  3 orc zombies (D:7)
  A quokka zombie (D:9)
  9 rats
  A river rat simulacrum (Lair:6)
  A plant (Lair:6)
523 creatures vanquished.

Vanquished Creatures (others)
  A phantom (D:11)
  An adder (D:11)
  22 fungi
  23 plants
47 creatures vanquished.

Grand Total: 570 creatures vanquished

Notes
Turn   | Place    | Note
-------+----------+-------------------------------------------
     0 | D:1      | Alarkh the Mummy Fire Elementalist began the quest for the Orb.
     0 | D:1      | Reached XP level 1. HP: 13/13 MP: 3/3
   108 | D:1      | Reached skill level 1 in Conjurations
   200 | D:1      | Reached XP level 2. HP: 14/19 MP: 0/5
   738 | D:1      | Reached XP level 3. HP: 18/24 MP: 4/6
   782 | D:1      | Learned a level 3 spell: Conjure Flame
   938 | D:2      | Found a blossoming altar of Fedhas.
  1124 | D:2      | Found a glowing golden altar of the Shining One.
  1269 | D:2      | Found a glowing silver altar of Zin.
  1574 | D:3      | Reached XP level 4. HP: 28/30 MP: 0/8
  1593 | D:3      | Learned a level 4 spell: Sticky Flame
  1711 | D:3      | Found a faded altar of an unknown god.
  1748 | D:3      | Became a worshipper of Kikubaaqudgha
  1748 | D:3      | Reached * piety under Kikubaaqudgha
  1748 | D:3      | Identified Kikubaaqudgha's Disquisition on Dark Magic (Kikubaaqudgha gifted it to you on level 3 of the Dungeon)
  1748 | D:3      | Received a gift from Kikubaaqudgha
  2042 | D:2      | Reached XP level 5. HP: 21/35 MP: 5/9
  2464 | D:3      | Found a sacrificial altar of Ru.
  2465 | D:3      | Found an iron altar of Okawaru.
  2587 | D:3      | Fell from the grace of Kikubaaqudgha
  2587 | D:3      | Became a worshipper of Warmaster Okawaru
  3028 | D:4      | Noticed Edmund
  3059 | D:4      | Killed Edmund
  3059 | D:4      | Reached XP level 6. HP: 21/41 MP: 7/11
  3395 | D:4      | Reached * piety under Okawaru
  3395 | D:4      | Reached XP level 7. HP: 26/46 MP: 3/13
  3558 | D:4      | Got a smoking hand axe {chop}
  3559 | D:4      | Identified the cursed +0 hand axe of Zewnikk {chop, Int+3} (You took it off an orc on level 4 of the Dungeon)
  3574 | D:4      | Found a hazy altar of Hepliaklqana.
  3879 | D:5      | Entered Level 5 of the Dungeon
  4001 | D:5      | Found a radiant altar of Vehumet.
  4162 | D:5      | Learned a level 5 spell: Fireball
  4174 | D:5      | Reached skill level 5 in Spellcasting
  4783 | D:6      | Reached skill level 5 in Fire Magic
  4806 | D:6      | Reached XP level 8. HP: 38/52 MP: 5/15
  4879 | D:6      | Found a shadowy altar of Dithmenos.
  4880 | D:6      | Noticed hurricos's ghost (amateur HEHu)
  5004 | D:6      | Killed hurricos's ghost
  5004 | D:6      | Reached ** piety under Okawaru
  5331 | D:6      | Found an ancient bone altar of Kikubaaqudgha.
  5352 | D:6      | Reached skill level 5 in Conjurations
  5497 | D:7      | Found a staircase to the Ecumenical Temple.
  5523 | Temple   | Entered the Ecumenical Temple
  5802 | D:7      | Learned a level 3 spell: Mephitic Cloud
  5805 | D:7      | Learned a level 2 spell: Repel Missiles
  5958 | D:7      | Noticed a soul eater
  6232 | D:7      | Reached XP level 9. HP: 37/57 MP: 12/18
  6237 | D:7      | Reached *** piety under Okawaru
  6277 | D:7      | Found a runed door.
  6642 | D:7      | Noticed a soul eater
  6642 | D:7      | Noticed a soul eater
  7075 | D:7      | Noticed Crazy Yiuf
  7079 | D:7      | Killed Crazy Yiuf
  7692 | D:8      | Found a staircase to the Lair.
  7779 | D:8      | Noticed Grum
  7799 | D:8      | Killed Grum
  7799 | D:8      | Reached skill level 1 in Long Blades
  8195 | D:8      | Reached skill level 2 in Long Blades
  8458 | D:8      | Noticed a hill giant
  8472 | D:8      | Killed a hill giant
  8472 | D:8      | Reached **** piety under Okawaru
  8472 | D:8      | Reached skill level 3 in Long Blades
  8668 | D:9      | Noticed eragonby's ghost (novice DECj)
  8671 | D:9      | Noticed Maurice
  8762 | D:9      | Killed eragonby's ghost
  8762 | D:9      | Reached XP level 10. HP: 40/63 MP: 5/21
  8882 | D:9      | Killed Maurice
  8882 | D:9      | Reached ***** piety under Okawaru
  8915 | D:9      | Was forgiven by Kikubaaqudgha
  9110 | D:9      | Reached skill level 4 in Long Blades
  9415 | D:9      | Found a hazy altar of Hepliaklqana.
  9573 | D:10     | Entered Level 10 of the Dungeon
  9573 | D:10     | Noticed a hill giant
  9584 | D:10     | Killed a hill giant
  9602 | D:10     | Noticed Joseph
  9759 | D:9      | Killed Joseph
  9759 | D:9      | Received a gift from Okawaru
  9801 | D:10     | Found a shimmering altar of Xom.
 10036 | D:10     | Reached skill level 5 in Long Blades
 10320 | D:11     | Noticed Psyche
 10346 | D:11     | Killed Psyche
 10346 | D:11     | Received a gift from Okawaru
 10346 | D:11     | Reached skill level 6 in Long Blades
 10552 | D:11     | Noticed a five-headed hydra
 10638 | D:11     | Reached XP level 11. HP: 45/68 MP: 2/23
 10922 | D:10     | Killed a five-headed hydra
 11145 | D:10     | Reached skill level 7 in Long Blades
 11643 | D:11     | Noticed a purple ugly thing
 11654 | D:11     | Killed a purple ugly thing
 11706 | D:11     | Found a staircase to the Orcish Mines.
 11714 | D:11     | Reached skill level 8 in Long Blades
 12034 | D:11     | Received a gift from Okawaru
 12035 | D:11     | Got a spiked buckler {god gift}
 12135 | D:11     | Identified the -3 buckler of Faurot {*Drain rF+ Stlth+} (Okawaru gifted it to you on level 11 of the Dungeon)
 12281 | D:11     | Reached skill level 1 in Shields
 12585 | Lair:1   | Entered Level 1 of the Lair of Beasts
 12610 | Lair:1   | Reached skill level 9 in Long Blades
 12785 | Lair:1   | Got a bloodstained helmet
 12796 | Lair:1   | Identified the cursed -1 helmet of Vamiwnei {rC+} (You found it on level 1 of the Lair of Beasts)
 13106 | Lair:2   | Found a staircase to the Shoals.
 14122 | Lair:2   | Got a warped trident
 14123 | Lair:2   | Identified the +3 trident "Xompan" {venom, +Blink MR++ Int-3 SInv} (You found it on level 2 of the Lair of Beasts)
 14425 | Lair:2   | Reached XP level 12. HP: 31/74 MP: 17/24
 14863 | Lair:3   | Reached skill level 10 in Long Blades
 14947 | Lair:3   | Reached ****** piety under Okawaru
 14947 | Lair:3   | Received a gift from Okawaru
 14951 | Lair:3   | Got a pair of ichor-stained gloves {god gift}
 14962 | Lair:3   | Identified the +0 pair of gloves of the Solstice {*Slow rPois Int+7} (Okawaru gifted it to you on level 3 of the Lair of Beasts)
 15040 | Lair:3   | Found a hole to the Spider Nest.
 15072 | Lair:3   | Reached skill level 5 in Shields
 15756 | Lair:4   | Noticed an eight-headed hydra
 16555 | Lair:4   | Killed an eight-headed hydra
 16555 | Lair:4   | Reached skill level 11 in Long Blades
 17407 | Lair:5   | Got a polished leather armour
 17418 | Lair:5   | Identified the +2 leather armour of a wizard's laboratory {rPois} (You found it on level 5 of the Lair of Beasts)
 17813 | Lair:5   | Noticed Josephine
 17990 | Lair:3   | Reached skill level 12 in Long Blades
 18581 | Lair:5   | Reached skill level 1 in Fighting
 18583 | Lair:5   | Killed Josephine
 18583 | Lair:5   | Received a gift from Okawaru
 18709 | Lair:6   | Entered Level 6 of the Lair of Beasts
 18743 | Lair:6   | Reached skill level 1 in Armour
 18958 | Lair:6   | Noticed a death yak
 18959 | Lair:6   | Gained mutation: You are in touch with the powers of death. [Mummy growth]
 18959 | Lair:6   | Reached XP level 13. HP: 69/83 MP: 2/25
 19485 | Lair:6   | Found a staircase to the Slime Pits.
 19486 | Lair:6   | Found a viscous altar of Jiyva.
 20354 | Lair:6   | Received a gift from Okawaru
 20360 | Lair:6   | Got a jewelled triple sword {god gift}
 20367 | Lair:6   | Identified the +3 triple sword of Duga {venom, *Slow rF++ Dex+6} (Okawaru gifted it to you on level 6 of the Lair of Beasts)
 21270 | Lair:6   | Noticed a fire dragon
 21903 | Lair:6   | Killed a fire dragon
 22283 | Lair:6   | Got an encrusted leather armour
 22301 | Lair:6   | Identified the cursed +1 leather armour of Impressiveness {-Tele Dex+4 SInv} (You found it on level 6 of the Lair of Beasts)
 22846 | Orc:1    | Entered Level 1 of the Orcish Mines
 23102 | Orc:2    | Entered Level 2 of the Orcish Mines
 23113 | Orc:2    | Found a staircase to the Elven Halls.
 23404 | Orc:2    | Found a flickering gateway to a bazaar.
 23470 | Bazaar   | Entered a bazaar
 23477 | Bazaar   | Found Roloeh's Gadget Shop.
 23482 | Bazaar   | Found Juhihucaow's Armour Emporium.
 23490 | Bazaar   | Found Ejuhey Maer's General Store.
 23497 | Bazaar   | Found Niugosen's Antique Weapon Emporium.
 23502 | Bazaar   | Found Vuzxumaf's Antique Armour Shop.
 23524 | Bazaar   | Bought a runed demon blade for 450 gold pieces
 23532 | Bazaar   | Bought an uncursed ring of flight for 157 gold pieces
 23545 | Bazaar   | Bought a wand of hasting (3/9) for 462 gold pieces
 23578 | Orc:2    | Received a gift from Okawaru
 23866 | Orc:2    | HP: 1/90 [ogre/giant club (22)]
 23871 | Orc:2    | Killed from afar by an ogre mage

Vault maps used:
D:1:      dpeg_arrival_ratfight
D:2:      lemuel_round_altar, old_standard_altar, nicolae_tso_swordbearing_angel
D:3:      gammafunk_temple_overflow_statue, first_bread, ecumenical_altar_2,
          minmay_snake_closets
D:4:      lemuel_crystal_altar, uniq_edmund
D:5:      vehumet_statue
D:6:      kiku_gazebo_garden_becter, serial_corexii_hall,
          corexii_hall_statues_x, corexii_hall_statues_l,
          corexii_hall_statues_t, nicolae_dithmenos_the_darkroom
D:7:      uniq_crazy_yiuf_cottage
D:8:      lair_0_dummy, uniq_grum
D:9:      basic_altar, grunt_ogre_cave, uniq_maurice
D:10:     basic_altar, uniq_joseph
D:11:     minmay_orc_entry_guard_dogs, uniq_psyche
Temple:   dshaligram_water_room_temple
Lair:1:   st_stairs_10
Lair:2:   elwin_shoals_entry_rocks, lemuel_old_faithful,
          infiniplex_staircase_pool, lemuel_fruit_fields
Lair:3:   spider_nest_entry_webs, lemuel_fruit_fields
Lair:4:   serial_bayou_shore_a
Lair:5:   grunt_forest_large_clearings, uniq_josephine
Lair:6:   guppyfry_lair_end_dragon, slime_altar_1, minivault_19,
          eino_house_with_fridge
Orc:1:    mines4_lemuel
Orc:2:    st_orc_ogre_mass, serial_shops, bzr_entry_customers
Bazaar:   bazaar_kb_twisted_cavern

Skill      XL: |  1  2  3  4  5  6  7  8  9 10 11 12 13 |
---------------+----------------------------------------+-----
Conjurations   | 1 2 3 4 5 6 7 |  7.2
Fire Magic     | 3 4 5 6 7 |  7.7
Spellcasting   | 3 4 5 6 7 8 |  8.2
Long Blades    | 3 6 9 12 | 12.9
Shields        | 4 5 6 |  6.4
Dodging        | 2 4 |  4.3
Fighting       | 1 4 |  4.7
Armour         | 1 3 |  3.4
Stealth        | |  1.5

Action                   |  1- 3 |  4- 6 |  7- 9 | 10-12 | 13-15 || total
-------------------------+-------+-------+-------+-------+-------++-------
Melee: Mace              |    18 |       |       |       |       ||    18
       Short sword       |    26 |    55 |   239 |   205 |    10 ||   535
       Flail             |       |       |     6 |       |       ||     6
       Scimitar          |       |       |       |   118 |   167 ||   285
       Falchion          |       |       |       |     4 |       ||     4
       Demon blade       |       |       |       |       |    39 ||    39
 Cast: Flame Tongue      |    55 |    76 |   259 |   266 |       ||   656
       Conjure Flame     |       |     1 |     6 |    14 |     2 ||    23
       Sticky Flame      |       |       |    28 |   129 |    85 ||   242
       Fireball          |       |       |       |    54 |    51 ||   105
       Mephitic Cloud    |       |       |       |     3 |     1 ||     4
       Repel Missiles    |       |       |       |     2 |     2 ||     4
Invok: Heroism           |       |       |       |     1 |     2 ||     3
       Finesse           |       |       |       |       |     1 ||     1
Evoke: Wand              |       |       |       |       |    10 ||    10
  Use: Scroll            |     4 |       |     7 |     8 |    11 ||    30
 Stab: Sleeping          |     3 |     3 |     4 |     2 |     1 ||    13
       Confused          |       |       |       |       |     2 ||     2
Armor: Robe              |    20 |    22 |   179 |   218 |   114 ||   553
Dodge: Dodged            |    56 |    68 |   266 |   310 |   197 ||   897
       Deflected         |       |       |       |     2 |     5 ||     7
Block: Buckler           |       |       |       |    19 |    21 ||    40
       Rpst.: Scimitar   |       |       |       |    24 |    37 ||    61
       Falchion          |       |       |       |     1 |       ||     1
       Demon blade       |       |       |       |       |    13 ||    13
